Map: 10000 Feet LE

Players

ShoWTimE - Winner!

  • Race: Protoss Protoss
  • League: Master
  • Spawn Location: 5:00

SZsOs (sOs)

  • Race: Protoss Protoss
  • League: Master
  • Spawn Location: 11:00

VOD

Have the link to the VOD?

Description

Time

  • Played on: Feb. 1, 2026, 6:12 a.m.
  • Length: 9:56
Show
View Real Time Build Order
Export as new Build Order

ShoWTimE Protoss - Winner!

Build Orders: Oracle Opening, Zealot Archon 

Get SALT Encoding   

  12  0:00  Probe  
  13  0:12  Probe  
  14  0:17  Pylon  
  14  0:23  Probe  
  15  0:31  Probe  
  15  0:36  Gateway  
  15  0:39  Probe  
  16  0:45  Assimilator  
  17  0:50  Probe  
  17  0:53  Assimilator  
  18  0:59  Probe  
  19  1:08  Probe  
  19  1:10  Gateway  
  19  1:17  Probe  
  20  1:23  Cybernetics Core  
  21  1:29  Probe  
  22  1:40  Pylon  
  22  1:41  Probe  
  23  1:58  Probe  
  23  2:00  Adept x2, Warp Gate  
  28  2:04  Pylon  
  28  2:27  Stalker x2  
  28  2:31  Stargate  
  32  2:38  Probe  
  33  2:53  Probe  
  34  3:01  Pylon  
  34  3:05  Oracle, Shield Battery  
  36  3:07  Probe  
  35  3:19  Probe  
  39  3:23  Robotics Facility  
  37  3:33  Probe  
  38  3:45  Probe  
  39  3:52  Nexus  
  39  3:55  Sentry  
  41  3:57  Probe  
  41  3:59  Pylon  
  42  4:07  Stalker  
  45  4:10  Probe  
  45  4:11  Observer  
  46  4:19  Immortal  
  46  4:22  Probe  
  51  4:34  Probe  
  52  4:46  Probe  
  53  4:58  Probe  
  54  5:00  Probe  
  54  5:01  Immortal  
  57  5:08  Probe  
  57  5:10  Probe  
  57  5:13  Sentry  
  57  5:14  Pylon  
  61  5:18  Probe  
  62  5:22  Probe  
  61  5:30  Probe  
  61  5:33  Immortal  
  61  5:34  Probe  
  61  5:42  Probe  
  66  5:43  Pylon  
  66  5:49  Nexus  
  66  5:50  Probe  
  66  5:54  Sentry  
  69  5:59  Probe  
  69  6:01  Assimilator  
  69  6:03  Probe, Assimilator  
  71  6:04  Shield Battery  
  71  6:12  Probe  
  71  6:14  Twilight Council  
  71  6:15  Probe  
  73  6:24  Probe  
  73  6:25  Forge  
  74  6:27  Probe  
  74  6:31  Charge  
  75  6:36  Probe, Protoss Ground Weapons Level 1  
  75  6:39  Probe, Gateway x2  
  77  6:48  Pylon, Probe  
  77  6:51  Probe  
  79  6:58  Templar Archives  
  79  7:00  Probe  
  80  7:07  Gateway  
  80  7:08  Probe x2  
  82  7:09  Gateway  
  82  7:12  Probe  
  82  7:13  Gateway  
  83  7:18  Gateway  
  83  7:19  Zealot  
  83  7:22  Zealot  
  87  7:24  Probe x2  
  87  7:25  Probe  
  87  7:27  Warp Prism  
  90  7:30  Pylon  
  90  7:36  Probe x2  
  92  7:43  Gateway  
  94  7:48  Gateway  
  94  7:50  High Templar x4  
  102  7:53  Pylon  
  102  7:54  Archon  
  102  7:55  Archon  
  102  8:02  Pylon, Zealot  
  104  8:08  Zealot x2  
  108  8:15  Pylon  
  108  8:19  Zealot  
  110  8:23  Zealot x5  
  115  8:34  Zealot x2  
  115  8:38  Pylon  
  115  8:39  High Templar  
  121  8:42  Pylon, High Templar  
  121  8:43  Pylon  
  121  8:46  High Templar x2  
  121  8:47  Zealot x3  
  133  8:48  Archon  
  133  8:51  Archon  
  133  8:53  Pylon  
  133  9:02  Zealot x3  
  139  9:11  Zealot x3  
  139  9:16  Zealot x2  
  149  9:22  Zealot x3  
  149  9:23  Zealot x2  
  145  9:35  Zealot x3  
  131  9:39  Zealot  
  131  9:45  Zealot x4  
Show
View Real Time Build Order
Export as new Build Order

SZsOs Protoss 

Build Orders:  

Get SALT Encoding   

  12  0:00  Probe  
  13  0:12  Probe  
  14  0:17  Pylon  
  14  0:24  Probe  
  15  0:32  Probe  
  15  0:38  Gateway  
  15  0:40  Probe  
  16  0:46  Assimilator  
  17  0:51  Probe  
  17  0:54  Assimilator  
  18  0:59  Probe  
  19  1:06  Gateway  
  19  1:07  Probe  
  20  1:17  Probe  
  20  1:25  Cybernetics Core  
  21  1:29  Probe  
  22  1:33  Pylon  
  22  1:41  Probe  
  23  1:53  Probe  
  24  1:58  Stalker x2  
  24  2:02  Warp Gate  
  28  2:13  Pylon  
  28  2:18  Shield Battery  
  28  2:26  Stalker, Probe  
  31  2:30  Stalker  
  33  2:59  Shield Battery  
  33  3:02  Stalker  
  33  3:05  Sentry  
  37  3:06  Pylon  
  37  3:10  Robotics Facility  
  37  3:11  Pylon  
  37  3:38  Nexus  
  37  3:45  Shield Battery  
  37  3:49  Sentry  
  37  3:50  Sentry, Warp Prism  
  37  3:53  Probe  
  43  4:05  Probe  
  44  4:11  Pylon  
  44  4:16  Immortal  
  42  4:17  Probe  
  43  4:28  Probe  
  48  4:38  Probe  
  49  4:46  Probe  
  49  4:47  Probe  
  49  4:52  Adept x2  
  55  4:54  Probe  
  55  5:01  Probe  
  55  5:04  Probe  
  55  5:07  Observer  
  56  5:09  Pylon  
  56  5:13  Probe  
  58  5:24  Probe  
  58  5:28  Probe  
  60  5:32  Twilight Council  
  60  5:33  Forge, Probe  
  60  5:36  Observer  
  60  5:40  Probe  
  63  5:43  Probe  
  64  5:52  Protoss Ground Weapons Level 1, Probe  
  64  5:55  Probe  
  66  6:03  Immortal  
  70  6:04  Shield Battery, Probe  
  70  6:08  Probe  
  70  6:10  Charge  
  72  6:16  Probe  
  73  6:22  Probe  
  73  6:24  Assimilator  
  74  6:25  Assimilator  
  74  6:28  Probe  
  74  6:31  Gateway x2  
  75  6:45  Nexus  
  75  6:47  Probe x2, Pylon  
  77  6:59  Probe x2  
  79  7:03  Gateway  
  79  7:06  Gateway  
  79  7:13  Templar Archives  
  79  7:14  Gateway  
  79  7:19  Probe  
  80  7:23  Zealot x2  
  84  7:35  Probe x2  
  86  7:37  Photon Cannon  
  86  7:47  Probe x2, Shield Battery  
  86  7:49  Pylon  
  88  7:59  High Templar  
  88  8:00  High Templar  
  88  8:01  Probe  
  88  8:02  Probe  
  88  8:04  Adept x2  
  98  8:06  Zealot x2  
  98  8:09  Archon  
  98  8:11  Pylon  
  102  8:20  Zealot  
  100  8:36  High Templar x4  
  100  8:37  Zealot x2  
  100  8:39  Pylon  
  100  8:40  Archon  
  100  8:41  Archon, Pylon  
  112  8:42  Pylon  
  112  8:44  Probe  
  113  8:50  Pylon  
  113  8:58  Nexus, Zealot x3  
  119  9:09  Zealot x4  
  119  9:21  Zealot  
  121  9:29  Zealot  
  102  9:33  Zealot x3  
  102  9:34  Zealot x2  
  102  9:37  Probe  
  79  9:38  Probe x2  
Tags
 
Add a new tag
Caveats
  • Supply blocks, unpowered buildings, or Contaminate may cause inaccurate times.
  • Supply counts are checked every 10 seconds.